 Dungeon Crawl Stone Soup version 0.30-a0-347-gf58ed5266c (webtiles) character file.

Game seed: 14281693984886144574

7117 purpskrrrp the Brawler (level 10, -1/88 HPs)
             Began as a Troll Fighter on Nov 5, 2022.
             Was a Priest of Makhleb.
             Killed from afar by an efreet (24 damage)
             ... with a fireball
             ... on level 9 of the Dungeon.
             The game lasted 00:14:05 (5718 turns).

purpskrrrp the Brawler (Troll Fighter)              Turns: 5718, Time: 00:14:05

Health: -1/88      AC:  8    Str: 28    XL:     10   Next: 85%
Magic:  9/9        EV:  8    Int:  4    God:    Makhleb [***...]
Gold:   537        SH: 14    Dex:  9    Spells: 9/9 levels left

rFire   . . .      SeeInvis .      - Unarmed
rCold   . . .      Faith    .    r - +2 kite shield
rNeg    . . .      Spirit   .    a - +0 robe
rPois   +          Reflect  +    (helmet restricted)
rElec   .          Harm     .    c - +1 cloak {rPois}
rCorr   +          Rampage  .    (gloves unavailable)
Will    +....                    (boots unavailable)
Stlth   +.........               I - amulet of reflection
HPRegen 1.14/turn                J - ring of willpower
MPRegen 0.11/turn                v - ring of resist corrosion

@: no status effects
A: large, unfitting armour, claws 3, regeneration 1, shaggy fur 1, tough skin 1,
iridescent scales 1, passive freeze, weak 1, MP-powered wands
a: Renounce Religion, Minor Destruction, Lesser Servant of Makhleb


You were on level 9 of the Dungeon.
You worshipped Makhleb.
Makhleb was most pleased with you.
You visited 2 branches of the dungeon, and saw 10 of its levels.

You collected 537 gold pieces.

Inventory:

Hand Weapons
 p - the +7 hammer of Experimentation {elec, +Blink rC+}
   (You found it on level 3 of the Dungeon)

   It occasionally discharges a powerful burst of electricity upon striking a
   foe.
   rC:        It protects you from cold.
   +Blink:    It lets you blink.
Missiles
 G - 9 throwing nets (quivered)
Armour
 a - a +0 robe (worn)
 b - a +0 kite shield
 c - a +1 cloak of poison resistance (worn)
 r - a +2 kite shield (worn)
Jewellery
 v - a ring of resist corrosion (right claw)
 z - a +6 ring of intelligence
 E - a ring of poison resistance
 I - an amulet of reflection (around neck)
 J - a ring of willpower (left claw)
 K - an amulet of magic regeneration
 M - a ring of fire
Wands
 q - a wand of flame (14)
 H - a wand of mindburst (21)
 L - a wand of paralysis (8)
 N - a wand of roots (13)
Scrolls
 d - a scroll of immolation
 f - a scroll of teleportation
 k - 2 scrolls of noise {unknown}
 t - a scroll of brand weapon
 x - 6 scrolls of identify
 y - 2 scrolls of fog {unknown}
 A - a scroll of fear {unknown}
 B - a scroll of blinking {unknown}
 C - 2 scrolls of amnesia {unknown}
 F - 2 scrolls of poison {unknown}
 O - a scroll of enchant weapon
Potions
 e - 4 potions of flight
 g - 3 potions of attraction {unknown}
 h - 4 potions of degeneration
 i - 2 potions of lignification
 j - a potion of mutation
 l - a potion of ambrosia
 m - 2 potions of heal wounds {unknown}
 n - a potion of invisibility {unknown}
 o - 2 potions of berserk rage {unknown}
 s - a potion of might
 u - 7 potions of curing {unknown}
 w - a potion of brilliance {unknown}
 D - a potion of haste {unknown}


   Skills:
 - Level 2.4 Fighting
 - Level 2.4 Dodging
 - Level 2.6 Shields
 + Level 16.5 Unarmed Combat


You had 9 spell levels left.
You didn't know any spells.
Your spell library contained the following spells:

 Spells                   Type           Power      Damage    Failure   Level
 Beastly Appendage        Tmut           0%         N/A       80%         1
 Ensorcelled Hibernation  Hex/Ice        0%         N/A       91%         2
 Wereblood                Tmut           0%         N/A       91%         2
 Gell's Gravitas          Tloc           0%         N/A       99%         3
 Spider Form              Tmut/Pois      0%         N/A       99%         3
 Teleport Other           Tloc           0%         N/A       99%         3
 Anguish                  Hex/Necr       0%         N/A       100%        4
 Dispersal                Tloc           0%         N/A       100%        6


Dungeon Overview and Level Annotations

Branches:
Dungeon (9/15)             Temple (1/1) D:5             Orc (0/2) D:9
   Lair: D:8-11

Altars:
Ashenzari
Cheibriados
Elyvilon
Fedhas
Gozag
Hepliaklqana
Kikubaaqudgha
Makhleb
Nemelex Xobeh
Okawaru
Qazlal
Ru
Sif Muna
Trog
Uskayaw
Vehumet
Wu Jian
Xom
Yredelemnul
Zin
The Shining One

Shops:
D:3 !   D:5 [   D:6 [

Annotations:
D:6 2 transporters, baller8008's ghost, novice MiBe


Innate Abilities, Weirdness & Mutations

You are too large for most types of armour.
You have claws for hands.
Your natural rate of healing is unusually fast.
You are covered in fur. (AC +1)
You have tough skin. (AC +1)
You are partially covered in iridescent scales. (AC +2)
A frigid envelope surrounds you and freezes all who hurt you.
You are weak. (Str -2)
You expend magic power (3 MP) to strengthen your wands.


Message History

No target in view!
No target in view!
Found a stone staircase leading down.
You now have 537 gold pieces (gained 14).
There is a stone staircase leading down here.
h - 4 potions of degeneration (gained 2)
An efreet comes into view.
It is wielding a +4 scimitar of flaming.
An efreet is nearby!
An efreet is nearby!
An efreet is nearby!
The efreet gestures at you. The bolt of fire hits you!!
The efreet gestures at you.
The fireball explodes!
The fireball engulfs you!!
You are too injured to fight recklessly!
You are too injured to fight recklessly!
You are too injured to fight recklessly!
You are too injured to fight recklessly!
You are too injured to fight recklessly!
You are too injured to fight recklessly!
You are too injured to fight recklessly!
You are too injured to fight recklessly!
You are too injured to fight recklessly!
You are too injured to fight recklessly!
You are too injured to fight recklessly!
You are too injured to fight recklessly!
You are too injured to fight recklessly!
You are too injured to fight recklessly!
You are too injured to fight recklessly!
You are too injured to fight recklessly!
Okay, then.
Okay, then.
The efreet gestures at you. The bolt of fire hits you!!
* * * LOW HITPOINT WARNING * * *
Okay, then.
An efreet is nearby!
The efreet gestures at you.
The fireball explodes!
The fireball engulfs you!!
You die...

#○ #☼ #○## #########
#..#####.......#
##..○R○R.......#
#.#####.......# ###
#.#####.......# #..
#....##.......# #.#
#.##.##@......# ##.##
#.##.##.......# #...
#......>##.######..#
####.#####......#..#####
#.#####.####.#.......
#........###.#.#.....
###†...#.#.....#.##.#
####...#.#.###.##.# .#
#.....#.# #.##..


You could see an efreet.

Vanquished Creatures
  A two-headed ogre (D:9)
  Maggie (D:7)
  A troll (D:9)
  2 wraiths
  3 steam dragons
  Menkaure (D:5)
  An acid dragon (D:9)
  7 orc warriors
  2 black bears
  2 ice beasts (D:6)
  3 sky beasts
  5 ogres
  3 centaurs
  A wolf (D:7)
  A kobold brigand (D:7)
  4 gnoll sergeants
  4 bullfrogs
  A necrophage (D:7)
  3 scorpions
  4 wights (D:8)
  12 killer bees (D:9)
  2 howler monkeys (D:7)
  8 hounds
  3 jellies
  Crazy Yiuf (D:3)
  8 orc priests
  3 gnoll boudas
  3 iguanas
  10 orc wizards
  24 gnolls
  6 adders
  A shadow imp (D:6)
  2 white imps (D:7)
  3 ufetubi
  2 dart slugs (D:5)
  29 orcs
  5 endoplasms
  3 giant cockroaches
  6 goblins
  8 hobgoblins
  10 jackals
  9 kobolds
  4 quokkas
  4 ball pythons
  4 bats
  4 frilled lizards
  3 rats
227 creatures vanquished.

Notes
Turn   | Place    | Note
-------+----------+-------------------------------------------
     0 | D:1      | purpskrrrp the Troll Fighter began the quest for the Orb.
     0 | D:1      | Reached XP level 1. HP: 22/22 MP: 0/0
    97 | D:1      | Reached skill level 3 in Unarmed Combat
    97 | D:1      | Reached XP level 2. HP: 29/29 MP: 1/1
   275 | D:1      | Reached XP level 3. HP: 36/36 MP: 2/2
   438 | D:2      | Found a faded altar of an unknown god.
   870 | D:3      | Reached skill level 4 in Unarmed Combat
  1015 | D:3      | Found Vuvyfim's Distillery.
  1169 | D:3      | Found a runed translucent door.
  1170 | D:3      | Noticed Crazy Yiuf
  1246 | D:3      | Noticed an ogre
  1256 | D:3      | Killed an ogre
  1257 | D:3      | Reached skill level 5 in Unarmed Combat
  1257 | D:3      | Reached XP level 4. HP: 38/44 MP: 3/3
  1257 | D:3      | Reached XP level 5. HP: 44/50 MP: 4/4
  1303 | D:3      | Gained mutation: You are weak. (Str -2) [potion of
                  | mutation]
  1303 | D:3      | Gained mutation: You have hidden genetic defects. [potion
                  | of mutation]
  1303 | D:3      | Gained mutation: Your skin changes colour to match your
                  | surroundings (Stealth+). [potion of mutation]
  1304 | D:3      | Lost mutation: Your skin changes colour to match your
                  | surroundings (Stealth+). [potion of mutation]
  1304 | D:3      | Lost mutation: You have hidden genetic defects. [potion of
                  | mutation]
  1304 | D:3      | Gained mutation: A frigid envelope surrounds you and
                  | freezes all who hurt you. [potion of mutation]
  1304 | D:3      | Gained mutation: You are partially covered in iridescent
                  | scales. (AC +2) [potion of mutation]
  1304 | D:3      | Gained mutation: You expend magic power (3 MP) to
                  | strengthen your wands. [potion of mutation]
  1309 | D:3      | Killed Crazy Yiuf
  1318 | D:3      | Identified the +7 hammer of Experimentation {elec, +Blink
                  | rC+}
  1639 | D:4      | Reached skill level 6 in Unarmed Combat
  1652 | D:4      | Reached XP level 6. HP: 52/59 MP: 5/5
  1668 | D:4      | Found a broken altar of Ashenzari.
  1909 | D:4      | Reached skill level 7 in Unarmed Combat
  2228 | D:5      | Entered Level 5 of the Dungeon
  2234 | D:5      | Reached XP level 7. HP: 66/66 MP: 6/6
  2259 | D:5      | Reached skill level 8 in Unarmed Combat
  2275 | D:5      | Noticed Menkaure
  2276 | D:5      | Found Oduhyif's Armour Shoppe.
  2281 | D:5      | Killed Menkaure
  2357 | D:5      | Reached skill level 9 in Unarmed Combat
  2479 | D:5      | Found a staircase to the Ecumenical Temple.
  2495 | D:5      | Reached XP level 8. HP: 43/74 MP: 7/7
  2959 | D:5      | Found an ancient bone altar of Kikubaaqudgha.
  2960 | D:5      | Found a blossoming altar of Fedhas.
  3080 | Temple   | Entered the Ecumenical Temple
  3254 | Temple   | Became a worshipper of Makhleb the Destroyer
  3422 | D:6      | Reached skill level 10 in Unarmed Combat
  3489 | D:6      | Found Qaeniegg's Armour Shop.
  3497 | D:6      | Identified the +0 leather armour "Inuvunwu" {rC+ rN++}
  3548 | D:6      | Found a transporter.
  3548 | D:6      | Noticed baller8008's ghost (novice MiBe)
  3569 | D:6      | Found a transporter.
  3592 | D:6      | Reached skill level 11 in Unarmed Combat
  3627 | D:6      | Reached XP level 9. HP: 13/80 MP: 8/8
  3630 | D:6      | Reached skill level 12 in Unarmed Combat
  3767 | D:6      | Found the +0 pair of fencer's gloves {Riposte Dex+3}
  4083 | D:7      | Noticed Maggie
  4099 | D:7      | Killed Maggie
  4100 | D:7      | Reached skill level 13 in Unarmed Combat
  4105 | D:7      | Reached * piety under Makhleb
  4341 | D:7      | Reached skill level 14 in Unarmed Combat
  4471 | D:7      | Found a hazy altar of Hepliaklqana.
  4549 | D:7      | Reached XP level 10. HP: 88/88 MP: 9/9
  4584 | D:7      | Reached ** piety under Makhleb
  4771 | D:7      | Found a hide-covered altar of Uskayaw.
  4936 | D:8      | Reached skill level 15 in Unarmed Combat
  5018 | D:8      | Reached *** piety under Makhleb
  5046 | D:8      | Identified the +5 hand axe of Dismemberment {antimagic,
                  | rC++ Str-3 Int+8}
  5451 | D:9      | Found a staircase to the Orcish Mines.
  5510 | D:9      | Noticed a two-headed ogre
  5517 | D:9      | Killed a two-headed ogre
  5518 | D:9      | Reached skill level 16 in Unarmed Combat
  5718 | D:9      | Killed from afar by an efreet

Illustrated notes

Levels and vault maps discovered:
D:1:      lordsloth_arrival_two_stooges, layout_rooms, grunt_decor_one_mirror
D:2:      layout_basic, nicolae_ecumenical_oubliette
D:3:      layout_basic, serial_shops,
          nicolae_shop_temple_entry_statues_fountains, uniq_crazy_yiuf_cottage
D:4:      kb_forest_paths, layout_loops_ring, evilmike_ruin_ashenzari,
          kennysheep_generic_room_9
D:5:      layout_cave_pods, grunt_temple_overflow_growth_and_decay,
          temple_fountains, serial_glass, glass_columns_a, glass_columns_a,
          glass_columns_a, glass_columns_a, serial_shops, nicolae_diamond_shop,
          st_stairs_1, guppyfry_early_lair_pool, uniq_menkaure
D:6:      cheibrodos_fzero, layout_loops_ring, gammafunk_ghost_arena,
          serial_shops, nicolae_diamond_shop
D:7:      layout_cave_pools, nicolae_uskayaw_dance_studio,
          mainiacjoe_overflow_boulevard, serial_gnoll_camp,
          gnoll_camp_medium_02, gnoll_camp_mini_basic, gnoll_camp_mini_hut,
          gnoll_camp_mini_doghouse, hellmonk_bongcloud_opening,
          minmay_strange_pillars, st_stairs_12, uniq_maggie
D:8:      layout_rooms
D:9:      layout_loops_cross, david_orc_4
Temple:   nicolae_temple_slightly_damp_pantheon

Skill      XL: |  1  2  3  4  5  6  7  8  9 10 |
---------------+-------------------------------+-----
Unarmed Combat | 3 5 6 7 9 11 14 16 | 16.5
Fighting       | |  2.4
Dodging        | |  2.4
Shields        | |  2.6

Action                   |  1- 3 |  4- 6 |  7- 9 | 10-12 || total
-------------------------+-------+-------+-------+-------++-------
Melee: Unarmed           |   100 |    58 |   175 |   152 ||   485
  Use: Scroll            |    10 |       |       |       ||    10
       Potion            |     1 |     2 |     2 |       ||     5
Armor: Robe              |    30 |    15 |    65 |    37 ||   147
Dodge: Dodged            |    26 |    10 |    59 |    33 ||   128
Block: Kite shield       |    44 |    20 |    78 |   128 ||   270
       Reflection        |       |       |       |     6 ||     6

Table legend: (Time is in decaauts)
 A = Elapsed time spent in this place.
 B = Non-inter-level travel time spent in this place.
 C = Inter-level travel time spent in this place.
 D = Time resting spent in this place.
 E = Time spent auto-exploring this place.
 F = Levels seen in this place.
 G = Mean time per level.
                   A        B        C        D        E       F      G
               +--------+--------+--------+--------+--------+-----+--------+
         Total |   5695 |   5406 |    289 |     48 |   4128 |  10 |  569.5 |
       Dungeon |   5501 |   5230 |    271 |     48 |   3977 |   9 |  611.2 |
        Temple |    193 |    175 |     18 |      0 |    151 |   1 |  193.0 |
               +--------+--------+--------+--------+--------+-----+--------+

Top non-repeatable levels by time:
     D:5: 927 daAuts
     D:3: 816 daAuts
     D:6: 746 daAuts
     D:7: 727 daAuts
     D:4: 594 daAuts
     D:9: 509 daAuts
     D:2: 420 daAuts
     D:1: 404 daAuts
     D:8: 354 daAuts
  Temple: 193 daAuts
